 Dungeon Sprint DCSS version 0.27-a0-797-g27d10ad80f (webtiles) character file.

Game seed: 10608045365476810519

508 mhtbhm the Blocker (level 7, -6/63 HPs)
             Began as a Formicid Fighter on Mar 27, 2021.
             Was a Follower of Okawaru.
             Mangled by a troll (12 damage)
             ... in the Dungeon (Sprint IX: "|||||||||||||||||||||||||||||").
             The game lasted 00:01:04 (355 turns).

mhtbhm the Blocker (Formicid Fighter)                Turns: 355, Time: 00:01:05

Health: -6/63      AC:  1    Str: 22    XL:     7   Next: 42%
Magic:  5/7        EV: 11    Int:  8    God:    Okawaru [*.....]
Gold:   0          SH: 14    Dex: 13    Spells: 6/6 levels left

rFire    . . .     SeeInvis +   a - +2 morningstar (vorpal)
rCold    . . .     Faith    .   c - +0 kite shield
rNeg     . . .     Spirit   .   b - +1 chain mail
rPois    .         Reflect  .   (helmet unavailable)
rElec    .         Harm     .   (no cloak)
rCorr    .         Rampage  .   (no gloves)
Will     .....                  j - +0 pair of boots
Stlth    ..........             (no amulet)
HPRegen  0.20/turn              k - +2 ring of protection
MPRegen  0.10/turn              l - +3 ring of dexterity

@: heroic, corroded, very slightly contaminated, invisible
A: permanent stasis, dig shafts and tunnels, antennae 3, four strong arms
a: Dig, Renounce Religion, Heroism


You were in the Dungeon.
You worshipped Okawaru.
Okawaru was aware of your devotion.
You visited 1 branch

Inventory:

Hand Weapons
 a - a +2 vorpal morningstar (weapon)
Armour
 b - a +1 chain mail (worn)
 c - a +0 kite shield (worn)
 j - a +0 pair of boots (worn)
Jewellery
 k - a +2 ring of protection (left hand)
 l - a +3 ring of dexterity (right hand)
Wands
 i - a wand of iceblast (10)
Scrolls
 h - 2 scrolls of amnesia
Potions
 e - 5 potions of curing
 f - 2 potions of heal wounds
 g - 4 potions of magic


   Skills:
 + Level 8.3(13.3) Fighting
 + Level 8.7(13.7) Maces & Flails
 + Level 8.3(13.3) Armour
 + Level 1.8(6.8) Dodging
 + Level 9.3(14.3) Shields


You had 6 spell levels left.
You didn't know any spells.
Your spell library was empty.

Dungeon Overview and Level Annotations

Branches:
Dungeon (1/1)

Altars:
Cheibriados
Dithmenos
Elyvilon
Fedhas
Gozag
Hepliaklqana
Kikubaaqudgha
Makhleb
Nemelex Xobeh
Okawaru
Qazlal
Ru
Sif Muna
Trog
Uskayaw
Vehumet
Wu Jian
Xom
Yredelemnul
Zin
The Shining One
Beogh
Jiyva
Lugonu


Innate Abilities, Weirdness & Mutations

You cannot be hasted, slowed, berserked, paralysed or teleported.
You can dig through walls and to a lower floor.
You have a pair of large antennae on your head. (SInv)
Your four strong arms can wield two-handed weapons with a shield.


Message History

Your Maces & Flails skill gained 2 levels and is now at level 8!
Your Armour skill increases to level 8!
Your Shields skill increases to level 9!
You have reached level 7!
Okay, then.
You fade into invisibility!
You block the troll's attack. x2; The troll claws you.
You are very lightly contaminated with residual magic.
Unknown command.
You see here a +0 scale mail.
You see here a +0 helmet.
Items here: )))))).
You see here a scroll of blinking.
There is an open door here.
There is a glowing golden altar of the Shining One here.
There is a glowing silver altar of Zin here.
There is a basalt altar of Yredelemnul here.
There is a shimmering altar of Xom here.
Okay, then.
You gain the combat prowess of a mighty hero.
The troll bites you! You block the troll's attack. The troll claws you.
Unknown command.
Press < or > to pray at altars.
Okay, then.
You barely miss the troll. You block the troll's attack. The troll claws you!
The troll barely misses you.
Unknown command.
Press < or > to pray at altars.
You hit the troll but do no damage. You block the troll's attack. x3
Unknown command.
Press < or > to pray at altars.
You bludgeon the troll!!
The troll is almost dead.
You block the troll's attack. The troll completely misses you.
The troll claws you!
* * * LOW HITPOINT WARNING * * *
You barely miss the troll.
The troll is almost dead.
The troll bites you!
You die... ▓▓▓▓▓▓▓▓▓▓▓▓▓▓▓▓▓▓▓▓▓▓▓▓▓▓▓▓▓▓▓▓▓ ..)..[.[.)?.ZZDT@________________ ▓▓▓▓▓▓▓▓▓▓▓▓▓▓▓▓▓▓▓▓▓▓▓▓▓▓▓▓▓▓▓▓▓ {{{{{{{{ {{{{{{{{{ {{{{{{{{{ {

You could see a troll, a steam dragon, an adder zombie (wandering) and a jackal zombie.

Vanquished Creatures
  A kobold demonologist (D)
  An ogre (D)
  A phantom (D)
  A scorpion (D)
  An iguana (D)
  A bat (D)
  A goblin (D)
  A jackal (D)
  A quokka (D)
  A ball python zombie (D)
  2 rats (D)
12 creatures vanquished.

Notes
Turn   | Place    | Note
-------+----------+-------------------------------------------
     0 | D        | mhtbhm the Formicid Fighter began the quest for the Orb.
     0 | D        | Reached XP level 1. HP: 18/18 MP: 1/1
     8 | D        | Reached skill level 4 in Shields
   123 | D        | Noticed a phantom
   123 | D        | Noticed an iguana
   123 | D        | Noticed an ogre
   123 | D        | Noticed a scorpion
   126 | D        | Killed a scorpion
   127 | D        | Reached skill level 5 in Fighting
   127 | D        | Reached skill level 5 in Armour
   127 | D        | Reached skill level 5 in Shields
   127 | D        | Reached XP level 2. HP: 15/27 MP: 2/2
   127 | D        | Reached XP level 3. HP: 18/33 MP: 3/3
   127 | D        | Reached XP level 4. HP: 21/39 MP: 4/4
   134 | D        | Killed an ogre
   135 | D        | Reached skill level 5 in Maces & Flails
   135 | D        | Reached skill level 7 in Shields
   135 | D        | Reached XP level 5. HP: 44/47 MP: 5/5
   148 | D        | Killed a phantom
   149 | D        | Reached skill level 1 in Dodging
   149 | D        | Reached skill level 8 in Shields
   149 | D        | Reached XP level 6. HP: 24/55 MP: 6/6
   156 | D        | Found a snail-covered altar of Cheibriados.
   156 | D        | Found a shadowy altar of Dithmenos.
   156 | D        | Found a white marble altar of Elyvilon.
   156 | D        | Found a blossoming altar of Fedhas.
   156 | D        | Found an opulent altar of Gozag.
   157 | D        | Found a hazy altar of Hepliaklqana.
   158 | D        | Found a viscous altar of Jiyva.
   159 | D        | Found an ancient bone altar of Kikubaaqudgha.
   160 | D        | Found a corrupted altar of Lugonu.
   161 | D        | Found a burning altar of Makhleb.
   162 | D        | Found a sparkling altar of Nemelex Xobeh.
   163 | D        | Found an iron altar of Okawaru.
   164 | D        | Found a stormy altar of Qazlal.
   165 | D        | Found a sacrificial altar of Ru.
   166 | D        | Found a shimmering blue altar of Sif Muna.
   167 | D        | Found a bloodstained altar of Trog.
   168 | D        | Found a hide-covered altar of Uskayaw.
   169 | D        | Found a radiant altar of Vehumet.
   170 | D        | Found an ornate altar of the Wu Jian Council.
   171 | D        | Became a worshipper of Warmaster Okawaru
   172 | D        | Found a shimmering altar of Xom.
   173 | D        | Found a basalt altar of Yredelemnul.
   174 | D        | Found a glowing silver altar of Zin.
   175 | D        | Found a glowing golden altar of the Shining One.
   318 | D        | Noticed a steam dragon
   318 | D        | Noticed a troll
   318 | D        | Noticed a kobold demonologist
   328 | D        | Noticed a rust devil
   336 | D        | Killed a kobold demonologist
   336 | D        | Reached * piety under Okawaru
   337 | D        | Reached skill level 9 in Shields
   337 | D        | Reached XP level 7. HP: 41/63 MP: 7/7
   355 | D        | Mangled by a troll

Illustrated notes

Levels and vault maps discovered:
D:        linesprint [early_d, line_temple, items_1, d_10, items_2, lair_1,
          lair_end, items_3, orc_1, orc_end, items_4, d_15, swamp_1, shoals_1,
          snake_1, spider_1, d_20, vaults_1, items_5, swamp_end, shoals_end,
          snake_end, spider_end, vaults_end, d_27, items_6, zot_1, zot_end,
          crypt_end, forest_end, elf_end, slime_end, tomb_end, abyss_end,
          pan_hell_end]

Skill      XL: |  1  2  3  4  5  6 |
---------------+-------------------+-----
Shields        | 5 7 8 9 |  9.3
Fighting       | 5 6 7 8 |  8.3
Armour         | 5 6 7 8 |  8.3
Maces & Flails | 3 5 6 8 |  8.7
Dodging        | 1 |  1.8

Action                   |  1- 3 |  4- 6 |  7- 9 || total
-------------------------+-------+-------+-------++-------
Melee: Flail             |    11 |    22 |       ||    33
       Morningstar       |       |    18 |     4 ||    22
Invok: Heroism           |       |       |     1 ||     1
  Use: Potion            |     1 |     1 |     1 ||     3
Armor: Scale mail        |     2 |     5 |       ||     7
       Chain mail        |       |     7 |       ||     7
Dodge: Dodged            |     2 |     5 |     2 ||     9
Block: Kite shield       |     6 |    17 |     8 ||    31

Table legend: (Time is in decaauts)
 A = Elapsed time spent in this place.
 B = Non-inter-level travel time spent in this place.
 C = Inter-level travel time spent in this place.
 D = Time resting spent in this place.
 E = Time spent auto-exploring this place.
 F = Levels seen in this place.
 G = Mean time per level.
                   A        B        C        D        E       F      G
               +--------+--------+--------+--------+--------+-----+--------+
         Total |    367 |    367 |      0 |    200 |      0 |   1 |  367.0 |
       Dungeon |    367 |    367 |      0 |    200 |      0 |   1 |  367.0 |
               +--------+--------+--------+--------+--------+-----+--------+

Top non-repeatable levels by time:
       D: 367 daAuts
